 Dungeon Crawl Stone Soup version 0.22-a0-417-g1387785 (webtiles) character file.

364 KristoblXynda the Sneak (level 6, 0/28 HPs)
             Began as a Spriggan Enchanter on May 14, 2018.
             Slain by a sky beast (5 damage)
             ... on level 4 of the Dungeon.
             The game lasted 00:09:46 (3454 turns).

KristoblXynda the Sneak (Spriggan Enchanter)        Turns: 3454, Time: 00:09:48

Health: 0/28       AC:  2    Str:  5    XL:     6   Next: 39%
Magic:  7/14       EV: 19    Int: 17    God:
Gold:   260        SH:  0    Dex: 21    Spells: 9/15 levels left

rFire    . . .     SeeInvis +   t - +1 short sword (venom)
rCold    . . .     Gourm    .   (shield restricted)
rNeg     . . .     Faith    .   b - +0 robe
rPois    .         Spirit   .   (helmet restricted)
rElec    .         Reflect  .   s - scarf {repulsion}
rCorr    .         Harm     .   (gloves unavailable)
MR       +....                  (boots unavailable)
Stlth    ++++......             (no amulet)
HPRegen  0.09/turn              q - +4 ring of dexterity
MPRegen  0.14/turn              (no ring)

@: very slightly contaminated, repel missiles, very quick
A: very small, unfitting armour, see invisible, herbivore, speed 3, slow
metabolism 2
a: no special abilities


You were on level 4 of the Dungeon.
You were not hungry.

You visited 1 branch of the dungeon, and saw 4 of its levels.
You also visited: Sewer.

You collected 260 gold pieces.

Inventory:

Hand Weapons
 g - a +0 short sword of speed
 j - a +2 short sword of protection
 t - a +1 short sword of venom (weapon)
Missiles
 r - 2 throwing nets (quivered)
Armour
 b - a +0 robe (worn)
 s - a scarf of repulsion (worn)
Jewellery
 q - a +4 ring of dexterity (left hand)
 u - an uncursed amulet of magic regeneration {unknown}
 v - an uncursed amulet of rage {unknown}
Scrolls
 h - a scroll of remove curse {unknown}
 i - 2 scrolls of amnesia {unknown}
 l - 2 scrolls of blinking {unknown}
 m - a scroll of teleportation
 p - a scroll of fog {unknown}
 w - a scroll of immolation {unknown}
Potions
 a - 2 potions of magic {unknown}
 c - a potion of degeneration {unknown}
 e - a potion of ambrosia {unknown}
 f - 3 potions of brilliance
 k - 4 potions of heal wounds
 n - a potion of agility {unknown}
 o - a potion of might {unknown}
Comestibles
 d - 5 rations


   Skills:
 + Level 2.6 Short Blades
 - Level 3.0 Dodging
 + Level 7.1 Stealth
 + Level 5.0 Spellcasting
 + Level 5.5 Hexes


You had 9 spell levels left.
You knew the following spells:

 Your Spells              Type           Power        Failure   Level  Hunger
a - Corona                Hex            ###....      1%          1    None
b - Ensorcelled Hibernat  Hex/Ice        ##....       7%          2    #......
c - Confuse               Hex            ###.....     4%          3    ###....

Your spell library contained the following spells:

 Spells                   Type           Power        Failure   Level  Hunger
 Tukima's Dance           Hex            ###.....     4%          3    ###....
 Dazzling Spray           Conj/Hex       ##....       14%         3    ###....


Dungeon Overview and Level Annotations

Branches:
Dungeon (4/15)
 Temple: D:4-7

Altars:
Nemelex Xobeh


Innate Abilities, Weirdness & Mutations

You are very small and have problems with some larger weapons.
You are too small for most types of armour.
You have supernaturally acute eyesight. (SInv)
You are a herbivore.
You cover ground extremely quickly.
You need to consume almost no food.


Message History

The sky beast looks as sick as possible!
The sky beast is lightly wounded.
The sky beast barely misses you.
You closely miss the sky beast.
The sky beast is lightly wounded.
The sky beast misses you.
You hit the sky beast.
The sky beast is moderately wounded.
The sky beast hits you. The sky beast shocks you.
You barely miss the sky beast.
The sky beast is heavily wounded.
The sky beast hits you. The sky beast shocks you.
* * * LOW HITPOINT WARNING * * *
You hit the sky beast.
The sky beast looks as sick as possible!
The sky beast is severely wounded.
The sky beast hits you.
* * * LOW HITPOINT WARNING * * *
The sky beast shocks you.
You die...

.#..#........
...#...s...
##..#......####
#.....#.......#
####.....#.......#
..)......+.......#
.......<.#..§....#.#
............§Y.....#
##.###....#..@§?...#
##...#.......?#
#...#........#
....##........#
..#..............
...##.^..........##
.## .............#
..#..(........#


You could see a sky beast and a giant cockroach (sleeping).

Vanquished Creatures
  A crocodile (Sewer)
  A jelly (D:3)
  An orc wizard (D:3)
  Terence (D:2)
  A worker ant (D:3)
  4 adders
  10 oozes (D:3)
  2 worms (D:3)
  2 dart slugs
  2 leopard geckos
  5 orcs (D:3)
  3 ball pythons
  12 bats
  2 giant cockroaches
  8 hobgoblins
  5 jackals
  16 kobolds
  7 frilled lizards
  5 goblins
  8 rats
96 creatures vanquished.

Vanquished Creatures (others)
  8 toadstools (D:3)
8 creatures vanquished.

Grand Total: 104 creatures vanquished

Notes
Turn   | Place    | Note
-------+----------+-------------------------------------------
     0 | D:1      | KristoblXynda the Spriggan Enchanter began the quest for the Orb.
     0 | D:1      | Reached XP level 1. HP: 9/9 MP: 5/5
   328 | D:1      | Reached XP level 2. HP: 13/13 MP: 7/7
   341 | D:1      | Learned a level 2 spell: Ensorcelled Hibernation
   498 | D:1      | Reached skill level 5 in Stealth
   934 | D:1      | Reached XP level 3. HP: 15/16 MP: 3/8
   940 | D:1      | Learned a level 3 spell: Confuse
  1095 | D:2      | Noticed Terence
  1189 | D:2      | Killed Terence
  1441 | D:2      | Reached XP level 4. HP: 20/21 MP: 7/10
  2008 | D:3      | Reached skill level 6 in Stealth
  2213 | D:3      | Found a glowing drain.
  2222 | Sewer    | Entered a sewer
  2446 | Sewer    | Noticed a crocodile
  2460 | Sewer    | Killed a crocodile
  2460 | Sewer    | Reached skill level 5 in Hexes
  2460 | Sewer    | Reached XP level 5. HP: 14/24 MP: 9/12
  2677 | D:3      | Found a sparkling altar of Nemelex Xobeh.
  2687 | D:3      | Reached XP level 6. HP: 28/28 MP: 10/14
  2887 | D:3      | Reached skill level 7 in Stealth
  2935 | D:3      | Reached skill level 5 in Spellcasting
  3436 | D:4      | Noticed a sky beast
  3454 | D:4      | Slain by a sky beast

Vault maps used:
D:1:      lemuel_arrival_muddy, minmay_tall_x
D:2:      uniq_terence
D:3:      cheibrodos_fertilizer, nemelex_xobeh_ov_fountains_minmay,
          cheibrodos_sewer_entry_sluice, first_ration
D:4:      cheibrodos_old_hovel, kennysheep_mini_moat, minmay_box_of_dots,
          uniq_natasha, uniq_robin
Sewer:    sewer_the_crocodile

Skill      XL: |  1  2  3  4  5  6 |
---------------+-------------------+-----
Spellcasting   | 3 4 5 |  5.0
Hexes          | 4 5 |  5.5
Stealth        | 5 6 7 |  7.1
Short Blades   | 2 |  2.6
Dodging        | |  3.0

Action                   |  1- 3 |  4- 6 || total
-------------------------+-------+-------++-------
Melee: Dagger            |    95 |       ||    95
       Short sword       |     2 |   189 ||   191
 Cast: Ensorcelled Hiber |    17 |    34 ||    51
       Confuse           |     2 |       ||     2
  Use: Scroll            |       |     4 ||     4
 Stab: Sleeping          |    17 |    27 ||    44
       Distracted        |       |     1 ||     1
  Eat: Ration            |       |     2 ||     2
Armor: Robe              |    14 |    29 ||    43
Dodge: Dodged            |    85 |   156 ||   241

Table legend:
 A = Spawn XP
 B = Non-spawn XP
 C = Spawn XP percentage of total XP
 D = Spawn monster count
 E = Non-spawn monster count
 F = Spawn count percentage of total count
 G = Total turns spent on level
                    A         B        C        D         E        F      G
               +---------+---------+-------+---------+---------+-------+---------
         Total |       0 |     521 |   0.0 |       0 |      96 |   0.0 |  3454
               +---------+---------+-------+---------+---------+-------+---------
           D:1 |       0 |      42 |   0.0 |       0 |      27 |   0.0 |  1068
           D:2 |       0 |      76 |   0.0 |       0 |      18 |   0.0 |   922
           D:3 |       0 |     290 |   0.0 |       0 |      45 |   0.0 |  1161
         Sewer |       0 |     113 |   0.0 |       0 |       6 |   0.0 |   283
               +---------+---------+-------+---------+---------+-------+---------
